Jets vs Blues
Created - 7 avril 2014 at 19:06
Goals
|
| Jets |
2 |
0 |
1 |
0 |
1 |
3 |
| Blues |
1 |
1 |
1 |
0 |
2 |
4 |
|
Shots
|
| Jets |
15 |
11 |
11 |
1 |
3 |
38 |
| Blues |
8 |
11 |
19 |
1 |
2 |
39 |
|
1st period
1. Blues , Jamie Langenbrunner 25 (Paul Kariya, Travis Zajac) at 3:58
2. Jets , Jussi Jokinen 31 (Derek Roy) at 11:49
3. Jets , Jason Allison 40 (Daniel Alfredsson, Benoit Pouliot) at 18:37
Penalties :
No Penalty
2nd period
4. Blues , Jamie Langenbrunner 26 (Travis Zajac, Kristopher Letang) at 13:26
Penalties :
David Perron (STL) for Hooking (Minor) at 5:55, Jason Allison (Win) for Hooking (Minor) at 17:15
3rd period
5. Jets , Darroll Powe 11 (Kristian Huselius, Eric Brewer) at 18:40
6. Blues , Paul Kariya 27 (Jarome Iginla, Dan Boyle) at 19:36
Penalties :
Eric Brewer (Win) for Roughing (Minor) at 8:18, Andy Sutton (STL) for Hooking (Minor) at 13:52
Overtime #1
No Goal
Penalties :
No Penalty
Shootout
Penalty Shot by Adam Burish for Jets - Goal!
Penalty Shot by David Perron for Blues - Goal!
Penalty Shot by Tuomo Ruutu for Jets - Stopped by Tuukka Rask
Penalty Shot by Nik Antropov for Blues - Goal!
Penalty Shot by Daniel Alfredsson for Jets - Stopped by Tuukka Rask
Penalties :
No Penalty
Goalie Stats
Ilya Bryzgalov (Win), 36 saves from 39 shots - (0,923), OTL, 16-10-1, 65:00 minutes
Tuukka Rask (STL), 35 saves from 38 shots - (0,921), W, 25-18-4, 64:50 minutes
Players Stats for Jets
Player Name G A P +/- PIM S H SB GA TA FO MP PP MP PK MP
------------------------------------------------------------------------------------
Adam Burish 0 0 0 -1 0 1 1 0 1 1 0/1 17:54 1:48 0:32
Benoit Pouliot 0 1 1 0 0 2 2 1 0 0 0/0 22:11 1:28 1:11
Colin White 0 0 0 0 0 0 1 0 0 0 0/0 13:06 0:00 2:25
Daniel Alfredsson 0 1 1 -1 0 3 1 1 1 1 0/0 23:51 2:10 2:02
Darroll Powe 1 0 1 1 0 2 2 0 0 0 6/11 13:24 0:00 1:25
Derek Roy 0 1 1 0 0 2 1 0 0 0 9/21 18:07 1:48 0:45
Dmitri Kalinin 0 0 0 -2 0 1 1 2 1 1 0/0 26:57 2:18 1:33
Eric Brewer 0 1 1 2 2 0 2 0 0 0 0/0 25:01 1:40 0:00
Fredrik Sjostrom 0 0 0 0 0 3 0 0 0 0 0/0 9:53 0:20 0:13
Greg Campbell 0 0 0 -1 0 2 1 0 0 0 1/3 9:16 0:00 0:48
Jason Allison 1 0 1 0 2 5 0 1 0 0 19/32 22:49 2:10 1:00
Jussi Jokinen 1 0 1 0 0 5 2 1 0 0 1/1 18:48 2:10 0:00
Kristian Huselius 0 1 1 1 0 3 2 1 0 0 0/0 10:54 0:00 0:00
Marek Zidlicky 0 0 0 0 0 4 0 0 1 0 0/0 18:56 2:18 0:00
Michal Rozsival 0 0 0 2 0 2 3 1 0 1 0/0 26:55 1:40 1:33
Mike Commodore 0 0 0 -2 0 0 2 2 0 0 0/0 19:09 0:00 2:25
Miroslav Satan 0 0 0 0 0 1 2 0 0 0 0/0 7:55 0:00 0:00
Tuomo Ruutu 0 0 0 1 0 2 1 0 0 0 0/0 10:54 0:00 0:00
Players Stats for Blues
Player Name G A P +/- PIM S H SB GA TA FO MP PP MP PK MP
------------------------------------------------------------------------------------
Andrew Cogliano 0 0 0 0 0 2 0 0 0 0 1/6 8:27 0:00 0:22
Andy Sutton 0 0 0 -1 2 0 1 0 0 0 0/0 12:51 0:00 0:00
Brian Lee 0 0 0 0 0 2 3 0 0 0 0/0 19:34 2:08 0:00
Bryce Lampman 0 0 0 -1 0 1 1 1 0 0 0/0 26:20 2:08 2:38
Dan Boyle 0 1 1 -1 0 4 0 2 1 1 0/0 26:04 1:50 1:20
David Perron 0 0 0 -1 2 3 2 1 0 0 1/2 19:46 1:51 0:48
Drew Fata 0 0 0 1 0 1 0 1 0 0 0/0 17:57 0:00 1:20
Jamie Langenbrunner 2 0 2 2 0 5 1 0 1 1 0/0 20:09 1:51 1:01
Jarkko Ruutu 0 0 0 -2 0 1 2 0 0 0 0/1 12:38 0:00 0:40
Jarome Iginla 0 1 1 0 0 0 2 0 1 0 0/1 17:38 2:07 0:00
Kristopher Letang 0 1 1 2 0 3 2 1 0 1 0/0 27:13 1:50 2:38
Matt Ellison 0 0 0 0 0 0 2 0 0 0 0/1 8:05 0:00 0:00
Matthew Lombardi 0 0 0 -2 0 3 2 0 0 0 8/12 14:26 0:00 2:09
Michael Frolik 0 0 0 -2 0 3 1 1 0 0 0/0 13:38 0:00 0:00
Nigel Dawes 0 0 0 0 0 2 1 1 0 1 0/0 8:29 0:00 0:00
Nik Antropov 0 0 0 -1 0 1 3 1 0 0 10/20 19:09 2:07 1:01
Paul Kariya 1 1 2 3 0 5 1 1 0 0 2/2 23:06 2:07 1:55
Travis Zajac 0 2 2 3 0 3 0 0 1 0 11/24 20:30 1:51 0:00
3 Stars
1 - Jamie Langenbrunner (STL)
2 - Paul Kariya (STL)
3 - Travis Zajac (STL)
Power Play
Jets - 0 on 2 Attempt(s) - 0,00%
Blues - 0 on 2 Attempt(s) - 0,00%
Penalty Kill
Jets - 2 on 2 Attempt(s) - 100,00%
- Score 0 goal in Penalty Kill
Blues - 2 on 2 Attempt(s) - 100,00%
- Score 0 goal in Penalty Kill
Official
Referees : Auger Stephane and StLaurent Francois
Linesman : Shane Heyer and Scott Driscoll
Game Notes
No Game Note
Finance
Level 1 -- Attendance: 5662 (94,37%) -- Ticket Income 475 608 $
Level 2 -- Attendance: 4381 (87,62%) -- Ticket Income 227 812 $
Level 3 -- Attendance: 2000 (100,00%) -- Ticket Income 60 000 $
Level 4 -- Attendance: 3949 (98,73%) -- Ticket Income 75 031 $
Luxury Box -- Attendance: 1000 (100,00%) -- Ticket Income 169 000 $
Game was played at the Scotttrade center
Total Attendance: 16992 (94,40%)
Total Ticket Income: 1 007 451 $
Other Income: 151 118 $
Total Income: 1 158 569 $
Jets
5 vs 5 Forward
Center Left Wing Right Wing Time % Phy DF OF
1 Jason Allison Benoit Pouliot Daniel Alfredsson 38 1 2 2
2 Derek Roy Jussi Jokinen Adam Burish 34 1 2 2
3 Darroll Powe Kristian Huselius Tuomo Ruutu 18 1 2 2
4 Greg Campbell Fredrik Sjostrom Miroslav Satan 10 1 2 2
5 vs 5 Defense
Defense Defense Time % Phy DF OF
1 Michal Rozsival Eric Brewer 40 2 2 1
2 Dmitri Kalinin Mike Commodore 30 2 2 1
3 Colin White Marek Zidlicky 20 2 2 1
4 Marek Zidlicky Dmitri Kalinin 10 2 2 1
PowerPlay Forward
Center Left Wing Right Wing Time % Phy DF OF
1 Jason Allison Jussi Jokinen Daniel Alfredsson 60 0 0 5
2 Derek Roy Benoit Pouliot Adam Burish 40 0 0 5
PowerPlay Defense
Defense Defense Time % Phy DF OF
1 Michal Rozsival Eric Brewer 50 0 1 4
2 Dmitri Kalinin Marek Zidlicky 50 0 1 4
Penalty Kill 4 Players Forward
Center Wing Time % Phy DF OF
1 Jason Allison Daniel Alfredsson 60 0 4 1
2 Greg Campbell Adam Burish 40 0 4 1
Penalty Kill 4 Players Defense
Defense Defense Time % Phy DF OF
1 Colin White Mike Commodore 60 0 5 0
2 Michal Rozsival Dmitri Kalinin 40 0 5 0
Penalty Kill - 3 Players Forward
Forward Time % Phy DF OF
1 Daniel Alfredsson 60 0 5 0
2 Jason Allison 40 0 5 0
Penalty Kill - 3 Players Defense
Defense Defense Time % Phy DF OF
1 Mike Commodore Colin White 60 0 5 0
2 Eric Brewer Dmitri Kalinin 40 0 5 0
4 vs 4 Forward
Center Wing Time % Phy DF OF
1 Jason Allison Benoit Pouliot 60 1 2 2
2 Derek Roy Daniel Alfredsson 40 1 2 2
4 vs 4 Defense
Defense Defense Time % Phy DF OF
1 Michal Rozsival Eric Brewer 60 1 3 1
2 Marek Zidlicky Dmitri Kalinin 40 1 3 1
Last Minutes Offensive
Center Left Wing Right Wing Defense Defense
Jason Allison Benoit Pouliot Daniel Alfredsson Michal Rozsival Eric Brewer
Last Minutes Defensive
Center Left Wing Right Wing Defense Defense
Greg Campbell Daniel Alfredsson Adam Burish Colin White Mike Commodore
Goaltenders
Starting : Ilya Bryzgalov
Backup : Maxime Daigneault
Extra Forwards
Normal : Jason Allison, Daniel Alfredsson, Jussi Jokinen - PP : Jason Allison, Daniel Alfredsson - PK : Daniel Alfredsson
Extra Defensemen
Normal : Mike Commodore, Michal Rozsival, Colin White - PP : Michal Rozsival - PK : Colin White, Michal Rozsival
Penalty Shots
Adam Burish, Tuomo Ruutu, Daniel Alfredsson, Jason Allison, Benoit Pouliot
Blues
5 vs 5 Forward
Center Left Wing Right Wing Time % Phy DF OF
1 Travis Zajac Paul Kariya Jamie Langenbrunner 40 1 2 2
2 Nik Antropov David Perron Jarome Iginla 30 1 2 2
3 Matthew Lombardi Jarkko Ruutu Michael Frolik 20 1 2 2
4 Andrew Cogliano Nigel Dawes Matt Ellison 10 1 2 2
5 vs 5 Defense
Defense Defense Time % Phy DF OF
1 Dan Boyle Bryce Lampman 40 1 2 2
2 Drew Fata Kristopher Letang 30 1 2 2
3 Andy Sutton Brian Lee 20 1 2 2
4 Brian Lee Kristopher Letang 10 1 2 2
PowerPlay Forward
Center Left Wing Right Wing Time % Phy DF OF
1 Nik Antropov Paul Kariya Jarome Iginla 60 1 2 2
2 Travis Zajac David Perron Jamie Langenbrunner 40 1 2 2
PowerPlay Defense
Defense Defense Time % Phy DF OF
1 Dan Boyle Kristopher Letang 60 1 2 2
2 Brian Lee Bryce Lampman 40 1 2 2
Penalty Kill 4 Players Forward
Center Wing Time % Phy DF OF
1 Matthew Lombardi Paul Kariya 60 1 2 2
2 Nik Antropov Jamie Langenbrunner 40 1 2 2
Penalty Kill 4 Players Defense
Defense Defense Time % Phy DF OF
1 Bryce Lampman Kristopher Letang 60 1 2 2
2 Drew Fata Dan Boyle 40 1 2 2
Penalty Kill - 3 Players Forward
Forward Time % Phy DF OF
1 Nik Antropov 60 1 2 2
2 Matthew Lombardi 40 1 2 2
Penalty Kill - 3 Players Defense
Defense Defense Time % Phy DF OF
1 Andy Sutton Bryce Lampman 60 1 2 2
2 Dan Boyle Drew Fata 40 1 2 2
4 vs 4 Forward
Center Wing Time % Phy DF OF
1 Travis Zajac Paul Kariya 60 1 2 2
2 Nik Antropov Jamie Langenbrunner 40 1 2 2
4 vs 4 Defense
Defense Defense Time % Phy DF OF
1 Dan Boyle Brian Lee 60 1 2 2
2 Kristopher Letang Andy Sutton 40 1 2 2
Last Minutes Offensive
Center Left Wing Right Wing Defense Defense
Travis Zajac Paul Kariya Jarome Iginla Dan Boyle Kristopher Letang
Last Minutes Defensive
Center Left Wing Right Wing Defense Defense
Nik Antropov Paul Kariya Jamie Langenbrunner Bryce Lampman Drew Fata
Goaltenders
Starting : Tuukka Rask
Backup : Tim Thomas
Extra Forwards
Normal : David Perron, Michael Frolik, Nigel Dawes - PP : Michael Frolik, Matthew Lombardi - PK : David Perron
Extra Defensemen
Normal : Brian Lee, Andy Sutton, Kristopher Letang - PP : Andy Sutton - PK : Brian Lee, Dan Boyle
Penalty Shots
David Perron, Nik Antropov, Jarome Iginla, Michael Frolik, Paul Kariya
% Time on Ice - Jets
Lines # - Real PCT - Wanted PCT - Time Play
Normal Forward
1 - 34% - 38% - 17:41
2 - 29% - 34% - 15:01
3 - 21% - 18% - 10:54
4 - 15% - 10% - 7:55
Normal Defense
1 - 41% - 40% - 20:58
2 - 31% - 30% - 16:11
3 - 19% - 20% - 9:57
4 - 9% - 10% - 4:25
PP Forward
1 - 55% - 60% - 2:10
2 - 45% - 40% - 1:48
PP Defense
1 - 42% - 50% - 1:40
2 - 58% - 50% - 2:18
PK Forward
1 - 87% - 60% - 3:26
2 - 13% - 40% - 0:32
PK Defense
1 - 61% - 60% - 2:25
2 - 39% - 40% - 1:33
PK3 Forward
1 - 0% - 60%
2 - 0% - 40%
PK3 Defense
1 - 0% - 60%
2 - 0% - 40%
44 Forward
1 - 89% - 60% - 4:27
2 - 11% - 40% - 0:33
44 Defense
1 - 50% - 60% - 2:30
2 - 50% - 40% - 2:30
Last Minute Offensive - 0:00
Last Minute Defensive - 0:33
Total
Forward - 65:00
Defense - 65:00
|
% Time on Ice - Blues
Lines # - Real PCT - Wanted PCT - Time Play
Normal Forward
1 - 32% - 40% - 16:34
2 - 29% - 30% - 14:51
3 - 23% - 20% - 11:58
4 - 16% - 10% - 8:05
Normal Defense
1 - 39% - 40% - 20:13
2 - 31% - 30% - 16:12
3 - 21% - 20% - 10:40
4 - 9% - 10% - 4:23
PP Forward
1 - 53% - 60% - 2:07
2 - 47% - 40% - 1:51
PP Defense
1 - 46% - 60% - 1:50
2 - 54% - 40% - 2:08
PK Forward
1 - 74% - 60% - 2:57
2 - 26% - 40% - 1:01
PK Defense
1 - 66% - 60% - 2:38
2 - 34% - 40% - 1:20
PK3 Forward
1 - 0% - 60%
2 - 0% - 40%
PK3 Defense
1 - 0% - 60%
2 - 0% - 40%
44 Forward
1 - 78% - 60% - 3:54
2 - 22% - 40% - 1:06
44 Defense
1 - 53% - 60% - 2:40
2 - 47% - 40% - 2:20
Last Minute Offensive - 0:36
Last Minute Defensive - 0:00
Total
Forward - 65:00
Defense - 65:00
|
Play by Play
1st period
0:01 of 1st period - Jason Allison wins face-off versus Travis Zajac in neutral zone.
0:06 of 1st period - Slapshot by Jason Allison.
0:06 of 1st period - Stopped by Tuukka Rask without a rebound.
0:07 of 1st period - Jason Allison wins face-off versus Travis Zajac in Blues zone.
0:10 of 1st period - Wrist shot by Jason Allison.
0:10 of 1st period - Shot Misses the Net.
0:12 of 1st period - Slapshot by Michal Rozsival.
0:12 of 1st period - Stopped by Tuukka Rask with a rebound.
0:14 of 1st period - Slapshot by Eric Brewer.
0:14 of 1st period - Shot Misses the Net.
0:16 of 1st period - Snap shot by Daniel Alfredsson.
0:16 of 1st period - Stopped by Tuukka Rask with a rebound.
0:36 of 1st period - Michal Rozsival is hit by Nik Antropov and loses puck.
0:41 of 1st period - Backhand shot by Dan Boyle.
0:41 of 1st period - Shot Blocked by Jussi Jokinen.
0:43 of 1st period - Slapshot by Bryce Lampman.
0:43 of 1st period - Stopped by Ilya Bryzgalov without a rebound.
0:44 of 1st period - Matthew Lombardi wins face-off versus Darroll Powe in Jets zone.
0:45 of 1st period - Wrist shot by Michael Frolik.
0:45 of 1st period - Shot Blocked by Kristian Huselius.
0:47 of 1st period - Slapshot by Kristopher Letang.
0:47 of 1st period - Deflect By Kristian Huselius.
0:47 of 1st period - Stopped by Ilya Bryzgalov with a rebound.
1:09 of 1st period - Mike Commodore is hit by Nigel Dawes.
1:13 of 1st period - Drew Fata is hit by Miroslav Satan and loses puck.
1:28 of 1st period - Slapshot by Kristopher Letang.
1:28 of 1st period - Stopped by Ilya Bryzgalov without a rebound.
1:29 of 1st period - Nik Antropov wins face-off versus Derek Roy in Jets zone.
3:11 of 1st period - Snap shot by Greg Campbell.
3:11 of 1st period - Shot Blocked by Paul Kariya.
3:13 of 1st period - Slapshot by Dmitri Kalinin.
3:13 of 1st period - Deflect By Drew Fata.
3:13 of 1st period - Stopped by Tuukka Rask with a rebound.
3:17 of 1st period - Wrist shot by Greg Campbell.
3:17 of 1st period - Stopped by Tuukka Rask without a rebound.
3:18 of 1st period - Jason Allison wins face-off versus Nik Antropov in Blues zone.
3:42 of 1st period - Icing by Nik Antropov.
3:43 of 1st period - Nik Antropov wins face-off versus Derek Roy in Blues zone.
3:58 of 1st period - Wrist shot by Jamie Langenbrunner.
3:58 of 1st period - Goal by Jamie Langenbrunner - Jets : 0 - Blues : 1.
3:59 of 1st period - Jason Allison wins face-off versus Travis Zajac in neutral zone.
4:02 of 1st period - Paul Kariya is hit by Colin White and loses puck.
4:13 of 1st period - Snap shot by Travis Zajac.
4:13 of 1st period - Shot Misses the Net.
4:31 of 1st period - Snap shot by Michael Frolik.
4:31 of 1st period - Shot Misses the Net.
4:33 of 1st period - Snap shot by Michael Frolik.
4:33 of 1st period - Deflect By Jarkko Ruutu.
4:33 of 1st period - Shot Misses the Net.
4:33 of 1st period - Puck is out of play.
4:34 of 1st period - Derek Roy wins face-off versus Nik Antropov in Jets zone.
4:34 of 1st period - Derek Roy is hit by Jarome Iginla.
4:46 of 1st period - Wrist shot by Derek Roy.
4:46 of 1st period - Stopped by Tuukka Rask without a rebound.
4:47 of 1st period - Derek Roy wins face-off versus Travis Zajac in Blues zone.
5:16 of 1st period - Mike Commodore is hit by Bryce Lampman and loses puck.
5:23 of 1st period - Slapshot by Dan Boyle.
5:23 of 1st period - Stopped by Ilya Bryzgalov without a rebound.
5:24 of 1st period - Jason Allison wins face-off versus Matthew Lombardi in Jets zone.
5:33 of 1st period - Snap shot by Benoit Pouliot.
5:33 of 1st period - Deflect By Drew Fata.
5:33 of 1st period - Shot Blocked by Kristopher Letang.
5:33 of 1st period - Puck is out of play.
5:34 of 1st period - Jason Allison wins face-off versus Matthew Lombardi in Blues zone.
6:19 of 1st period - Snap shot by Benoit Pouliot.
6:19 of 1st period - Stopped by Tuukka Rask without a rebound.
6:20 of 1st period - Travis Zajac wins face-off versus Derek Roy in Blues zone.
6:45 of 1st period - Dan Boyle is hit by Tuomo Ruutu and loses puck.
7:06 of 1st period - Snap shot by Dan Boyle.
7:06 of 1st period - Stopped by Ilya Bryzgalov without a rebound.
7:07 of 1st period - Greg Campbell wins face-off versus Andrew Cogliano in Jets zone.
7:11 of 1st period - Off-side.
7:12 of 1st period - Derek Roy wins face-off versus Travis Zajac in neutral zone.
7:41 of 1st period - Icing by Jason Allison.
7:42 of 1st period - Jason Allison wins face-off versus Nik Antropov in Jets zone.
7:42 of 1st period - Jason Allison is hit by Nik Antropov.
8:07 of 1st period - Benoit Pouliot is hit by Matt Ellison and loses puck.
8:34 of 1st period - Marek Zidlicky is hit by Matthew Lombardi and loses puck.
8:57 of 1st period - Snap shot by Derek Roy.
8:57 of 1st period - Shot Misses the Net.
9:23 of 1st period - Bryce Lampman is hit by Kristian Huselius and loses puck.
10:22 of 1st period - Jamie Langenbrunner is hit by Darroll Powe and loses puck.
11:49 of 1st period - Slapshot by Jussi Jokinen.
11:49 of 1st period - Goal by Jussi Jokinen - Jets : 1 - Blues : 1.
11:50 of 1st period - Travis Zajac wins face-off versus Derek Roy in neutral zone.
12:12 of 1st period - Icing by Eric Brewer.
12:13 of 1st period - Nik Antropov wins face-off versus Jason Allison in Jets zone.
12:51 of 1st period - Snap shot by Jussi Jokinen.
12:51 of 1st period - Deflect By Derek Roy.
12:51 of 1st period - Shot Misses the Net.
12:51 of 1st period - Puck is out of play.
12:52 of 1st period - Nik Antropov wins face-off versus Darroll Powe in Blues zone.
13:17 of 1st period - Dmitri Kalinin is hit by Jarkko Ruutu and loses puck.
13:58 of 1st period - Slapshot by Marek Zidlicky.
13:58 of 1st period - Stopped by Tuukka Rask without a rebound.
13:59 of 1st period - Travis Zajac wins face-off versus Derek Roy in Blues zone.
15:28 of 1st period - Wrist shot by Michal Rozsival.
15:28 of 1st period - Shot Blocked by Drew Fata.
15:30 of 1st period - Wrist shot by Benoit Pouliot.
15:30 of 1st period - Stopped by Tuukka Rask without a rebound.
15:31 of 1st period - Jason Allison wins face-off versus Matt Ellison in Blues zone.
15:52 of 1st period - Snap shot by Andrew Cogliano.
15:52 of 1st period - Stopped by Ilya Bryzgalov with a rebound.
15:54 of 1st period - Snap shot by Matt Ellison.
15:54 of 1st period - Deflect By Benoit Pouliot.
15:54 of 1st period - Shot Misses the Net.
15:54 of 1st period - Puck is out of play.
15:55 of 1st period - Derek Roy wins face-off versus Travis Zajac in Jets zone.
16:47 of 1st period - Wrist shot by Jason Allison.
16:47 of 1st period - Stopped by Tuukka Rask without a rebound.
16:48 of 1st period - Travis Zajac wins face-off versus Jason Allison in Blues zone.
17:18 of 1st period - Slapshot by Dan Boyle.
17:18 of 1st period - Stopped by Ilya Bryzgalov with a rebound.
17:34 of 1st period - Backhand shot by Tuomo Ruutu.
17:34 of 1st period - Stopped by Tuukka Rask without a rebound.
17:35 of 1st period - Matthew Lombardi wins face-off versus Darroll Powe in Blues zone.
17:42 of 1st period - Snap shot by Tuomo Ruutu.
17:42 of 1st period - Shot Misses the Net.
17:44 of 1st period - Wrist shot by Kristian Huselius.
17:44 of 1st period - Stopped by Tuukka Rask with a rebound.
18:07 of 1st period - Icing by Paul Kariya.
18:08 of 1st period - Paul Kariya wins face-off versus Derek Roy in Blues zone.
18:20 of 1st period - Jussi Jokinen is hit by Jamie Langenbrunner.
18:23 of 1st period - Off-side.
18:24 of 1st period - Jason Allison wins face-off versus Nik Antropov in neutral zone.
18:37 of 1st period - Wrist shot by Daniel Alfredsson.
18:37 of 1st period - Deflect By Jason Allison.
18:37 of 1st period - Goal by Jason Allison - Jets : 2 - Blues : 1.
18:38 of 1st period - Paul Kariya wins face-off versus Derek Roy in neutral zone.
19:03 of 1st period - Daniel Alfredsson is hit by Nik Antropov and loses puck.
19:07 of 1st period - Icing by Dmitri Kalinin.
19:08 of 1st period - Jason Allison wins face-off versus Nik Antropov in Jets zone.
19:08 of 1st period - Jason Allison is hit by Kristopher Letang.
19:24 of 1st period - David Perron is hit by Michal Rozsival and loses puck.
19:29 of 1st period - Slapshot by Benoit Pouliot.
19:29 of 1st period - Shot Misses the Net.
19:31 of 1st period - Snap shot by Benoit Pouliot.
19:31 of 1st period - Shot Blocked by David Perron.
19:33 of 1st period - Slapshot by Michal Rozsival.
19:33 of 1st period - Stopped by Tuukka Rask with a rebound.
19:51 of 1st period - Wrist shot by Benoit Pouliot.
19:51 of 1st period - Shot Blocked by Nik Antropov.
Goals for this period are 2 for Jets vs 1 for Blues.
Shots for this period are 15 for Jets vs 8 for Blues.
2nd period
0:01 of 2nd period - Travis Zajac wins face-off versus Derek Roy in neutral zone.
0:10 of 2nd period - Travis Zajac is hit by Jussi Jokinen and loses puck.
0:31 of 2nd period - Slapshot by Michael Frolik.
0:31 of 2nd period - Stopped by Ilya Bryzgalov with a rebound.
1:29 of 2nd period - Slapshot by Jussi Jokinen.
1:29 of 2nd period - Stopped by Tuukka Rask with a rebound.
1:31 of 2nd period - Snap shot by Marek Zidlicky.
1:31 of 2nd period - Stopped by Tuukka Rask with a rebound.
1:55 of 2nd period - Andy Sutton is hit by Daniel Alfredsson and loses puck.
2:36 of 2nd period - Off-side.
2:37 of 2nd period - Nik Antropov wins face-off versus Derek Roy in neutral zone.
3:02 of 2nd period - Jussi Jokinen is hit by Jarkko Ruutu and loses puck.
4:14 of 2nd period - Off-side.
4:15 of 2nd period - Jason Allison wins face-off versus Matthew Lombardi in neutral zone.
4:18 of 2nd period - Snap shot by Marek Zidlicky.
4:18 of 2nd period - Stopped by Tuukka Rask with a rebound.
4:30 of 2nd period - Wrist shot by Michael Frolik.
4:30 of 2nd period - Stopped by Ilya Bryzgalov without a rebound.
4:31 of 2nd period - Darroll Powe wins face-off versus Travis Zajac in Jets zone.
5:19 of 2nd period - Wrist shot by Jamie Langenbrunner.
5:19 of 2nd period - Stopped by Ilya Bryzgalov with a rebound.
5:33 of 2nd period - Wrist shot by Miroslav Satan.
5:33 of 2nd period - Stopped by Tuukka Rask without a rebound.
5:34 of 2nd period - Jason Allison wins face-off versus Jarome Iginla in Blues zone.
5:55 of 2nd period - Minor Penalty to David Perron for Hooking.
5:56 of 2nd period - Matthew Lombardi wins face-off versus Jason Allison in Blues zone.
6:01 of 2nd period - Slapshot by Paul Kariya.
6:01 of 2nd period - Shot Blocked by Michal Rozsival.
6:21 of 2nd period - Eric Brewer is hit by Matthew Lombardi and loses puck.
7:13 of 2nd period - Off-side.
7:14 of 2nd period - Derek Roy wins face-off versus Nik Antropov in neutral zone.
7:55 of 2nd period - Penalty to David Perron is over, David Perron is back on ice.
8:07 of 2nd period - Snap shot by Paul Kariya.
8:07 of 2nd period - Stopped by Ilya Bryzgalov with a rebound.
8:09 of 2nd period - Slapshot by Brian Lee.
8:09 of 2nd period - Shot Blocked by Dmitri Kalinin.
8:11 of 2nd period - Snap shot by David Perron.
8:11 of 2nd period - Shot Misses the Net.
8:13 of 2nd period - Snap shot by Matthew Lombardi.
8:13 of 2nd period - Deflect By Dmitri Kalinin.
8:13 of 2nd period - Shot Misses the Net.
8:13 of 2nd period - Puck is out of play.
8:14 of 2nd period - Andrew Cogliano wins face-off versus Greg Campbell in Jets zone.
9:47 of 2nd period - Off-side.
9:48 of 2nd period - Jason Allison wins face-off versus Nik Antropov in neutral zone.
10:13 of 2nd period - Adam Burish is hit by Michael Frolik.
10:35 of 2nd period - Wrist shot by Travis Zajac.
10:35 of 2nd period - Stopped by Ilya Bryzgalov with a rebound.
10:53 of 2nd period - Miroslav Satan is hit by Matt Ellison.
12:03 of 2nd period - Wrist shot by Matthew Lombardi.
12:03 of 2nd period - Stopped by Ilya Bryzgalov with a rebound.
12:09 of 2nd period - Wrist shot by Jarkko Ruutu.
12:09 of 2nd period - Shot Hit the Post.
13:04 of 2nd period - Snap shot by Jussi Jokinen.
13:04 of 2nd period - Stopped by Tuukka Rask with a rebound.
13:08 of 2nd period - Slapshot by Jussi Jokinen.
13:08 of 2nd period - Stopped by Tuukka Rask without a rebound.
13:09 of 2nd period - Jussi Jokinen wins face-off versus Travis Zajac in Blues zone.
13:14 of 2nd period - Wrist shot by Adam Burish.
13:14 of 2nd period - Stopped by Tuukka Rask without a rebound.
13:15 of 2nd period - Travis Zajac wins face-off versus Jason Allison in Blues zone.
13:20 of 2nd period - Mike Commodore is hit by Paul Kariya.
13:26 of 2nd period - Snap shot by Jamie Langenbrunner.
13:26 of 2nd period - Goal by Jamie Langenbrunner - Jets : 2 - Blues : 2.
13:27 of 2nd period - Travis Zajac wins face-off versus Jason Allison in neutral zone.
13:57 of 2nd period - Snap shot by Matthew Lombardi.
13:57 of 2nd period - Stopped by Ilya Bryzgalov without a rebound.
13:58 of 2nd period - Derek Roy wins face-off versus Matthew Lombardi in Jets zone.
14:14 of 2nd period - Snap shot by Michael Frolik.
14:14 of 2nd period - Stopped by Ilya Bryzgalov with a rebound.
14:49 of 2nd period - Snap shot by Greg Campbell.
14:49 of 2nd period - Shot Blocked by Bryce Lampman.
15:25 of 2nd period - Icing by Dan Boyle.
15:26 of 2nd period - Derek Roy wins face-off versus Andrew Cogliano in Blues zone.
15:39 of 2nd period - Snap shot by Derek Roy.
15:39 of 2nd period - Shot Blocked by Nigel Dawes.
15:51 of 2nd period - Slapshot by Darroll Powe.
15:51 of 2nd period - Deflect By Kristian Huselius.
15:51 of 2nd period - Stopped by Tuukka Rask without a rebound.
15:52 of 2nd period - Darroll Powe wins face-off versus Travis Zajac in Blues zone.
16:03 of 2nd period - Snap shot by Tuomo Ruutu.
16:03 of 2nd period - Stopped by Tuukka Rask with a rebound.
16:05 of 2nd period - Wrist shot by Tuomo Ruutu.
16:05 of 2nd period - Shot Misses the Net.
16:07 of 2nd period - Snap shot by Kristian Huselius.
16:07 of 2nd period - Stopped by Tuukka Rask without a rebound.
16:08 of 2nd period - Nik Antropov wins face-off versus Jason Allison in Blues zone.
16:17 of 2nd period - Snap shot by Nik Antropov.
16:17 of 2nd period - Shot Blocked by Dmitri Kalinin.
16:33 of 2nd period - Jarome Iginla is hit by Kristian Huselius and loses puck.
16:52 of 2nd period - Wrist shot by Nik Antropov.
16:52 of 2nd period - Shot Misses the Net.
16:54 of 2nd period - Snap shot by Brian Lee.
16:54 of 2nd period - Shot Blocked by Mike Commodore.
16:56 of 2nd period - Snap shot by David Perron.
16:56 of 2nd period - Stopped by Ilya Bryzgalov with a rebound.
16:58 of 2nd period - Slapshot by Andy Sutton.
16:58 of 2nd period - Deflect By Jarome Iginla.
16:58 of 2nd period - Shot Misses the Net.
16:58 of 2nd period - Puck is out of play.
16:59 of 2nd period - Travis Zajac wins face-off versus Jason Allison in Jets zone.
17:06 of 2nd period - Snap shot by Paul Kariya.
17:06 of 2nd period - Stopped by Ilya Bryzgalov without a rebound.
17:07 of 2nd period - Travis Zajac wins face-off versus Jason Allison in Jets zone.
17:15 of 2nd period - Minor Penalty to Jason Allison for Hooking.
17:16 of 2nd period - Darroll Powe wins face-off versus Nik Antropov in Jets zone.
17:32 of 2nd period - Wrist shot by Jarome Iginla.
17:32 of 2nd period - Shot Blocked by Daniel Alfredsson.
19:15 of 2nd period - Penalty to Jason Allison is over, Jason Allison is back on ice.
19:22 of 2nd period - Snap shot by Jason Allison.
19:22 of 2nd period - Deflect By Jarkko Ruutu.
19:22 of 2nd period - Stopped by Tuukka Rask without a rebound.
19:23 of 2nd period - Matthew Lombardi wins face-off versus Greg Campbell in Blues zone.
19:38 of 2nd period - Wrist shot by Matthew Lombardi.
19:38 of 2nd period - Shot Misses the Net.
19:59 of 2nd period - Icing by Jussi Jokinen.
Goals for this period are 0 for Jets vs 1 for Blues.
Shots for this period are 11 for Jets vs 11 for Blues.
3rd period
0:01 of 3rd period - Travis Zajac wins face-off versus Jason Allison in neutral zone.
0:50 of 3rd period - Michal Rozsival is hit by David Perron and loses puck.
1:07 of 3rd period - Wrist shot by Mike Commodore.
1:07 of 3rd period - Deflect By Kristian Huselius.
1:07 of 3rd period - Shot Misses the Net.
1:07 of 3rd period - Puck is out of play.
1:08 of 3rd period - Darroll Powe wins face-off versus Andrew Cogliano in Blues zone.
1:09 of 3rd period - Snap shot by Tuomo Ruutu.
1:09 of 3rd period - Deflect By Darroll Powe.
1:09 of 3rd period - Stopped by Tuukka Rask without a rebound.
1:10 of 3rd period - Darroll Powe wins face-off versus Andrew Cogliano in Blues zone.
1:19 of 3rd period - Snap shot by Nigel Dawes.
1:19 of 3rd period - Stopped by Ilya Bryzgalov with a rebound.
1:25 of 3rd period - Snap shot by Marek Zidlicky.
1:25 of 3rd period - Stopped by Tuukka Rask with a rebound.
1:35 of 3rd period - Slapshot by Brian Lee.
1:35 of 3rd period - Stopped by Ilya Bryzgalov with a rebound.
1:45 of 3rd period - Snap shot by Jamie Langenbrunner.
1:45 of 3rd period - Stopped by Ilya Bryzgalov without a rebound.
1:46 of 3rd period - Nik Antropov wins face-off versus Jason Allison in Jets zone.
1:57 of 3rd period - Slapshot by Dan Boyle.
1:57 of 3rd period - Shot Blocked by Jason Allison.
1:59 of 3rd period - Slapshot by Dan Boyle.
1:59 of 3rd period - Stopped by Ilya Bryzgalov with a rebound.
2:11 of 3rd period - Snap shot by Matthew Lombardi.
2:11 of 3rd period - Shot Blocked by Benoit Pouliot.
2:13 of 3rd period - Wrist shot by Matthew Lombardi.
2:13 of 3rd period - Stopped by Ilya Bryzgalov without a rebound.
2:14 of 3rd period - Matthew Lombardi wins face-off versus Derek Roy in Jets zone.
2:15 of 3rd period - Snap shot by Michael Frolik.
2:15 of 3rd period - Shot Blocked by Mike Commodore.
2:17 of 3rd period - Slapshot by Kristopher Letang.
2:17 of 3rd period - Stopped by Ilya Bryzgalov without a rebound.
2:18 of 3rd period - Matthew Lombardi wins face-off versus Derek Roy in Jets zone.
2:41 of 3rd period - Jarkko Ruutu is hit by Jussi Jokinen and loses puck.
2:52 of 3rd period - Wrist shot by Matthew Lombardi.
2:52 of 3rd period - Shot Misses the Net.
2:54 of 3rd period - Snap shot by Drew Fata.
2:54 of 3rd period - Stopped by Ilya Bryzgalov without a rebound.
2:55 of 3rd period - Jason Allison wins face-off versus Travis Zajac in Jets zone.
3:52 of 3rd period - Slapshot by Andrew Cogliano.
3:52 of 3rd period - Stopped by Ilya Bryzgalov with a rebound.
3:54 of 3rd period - Snap shot by Nigel Dawes.
3:54 of 3rd period - Stopped by Ilya Bryzgalov with a rebound.
3:56 of 3rd period - Slapshot by Bryce Lampman.
3:56 of 3rd period - Shot Misses the Net.
4:28 of 3rd period - Snap shot by Jamie Langenbrunner.
4:28 of 3rd period - Shot Misses the Net.
4:30 of 3rd period - Snap shot by Jamie Langenbrunner.
4:30 of 3rd period - Shot Misses the Net.
4:32 of 3rd period - Slapshot by Kristopher Letang.
4:32 of 3rd period - Deflect By Travis Zajac.
4:32 of 3rd period - Stopped by Ilya Bryzgalov with a rebound.
4:34 of 3rd period - Snap shot by Paul Kariya.
4:34 of 3rd period - Stopped by Ilya Bryzgalov with a rebound.
4:36 of 3rd period - Snap shot by Paul Kariya.
4:36 of 3rd period - Shot Misses the Net.
4:38 of 3rd period - Slapshot by Brian Lee.
4:38 of 3rd period - Stopped by Ilya Bryzgalov without a rebound.
4:39 of 3rd period - Nik Antropov wins face-off versus Darroll Powe in Jets zone.
4:40 of 3rd period - Snap shot by Jarome Iginla.
4:40 of 3rd period - Shot Misses the Net.
4:42 of 3rd period - Backhand shot by David Perron.
4:42 of 3rd period - Stopped by Ilya Bryzgalov with a rebound.
4:44 of 3rd period - Snap shot by Nik Antropov.
4:44 of 3rd period - Stopped by Ilya Bryzgalov without a rebound.
4:45 of 3rd period - Nik Antropov wins face-off versus Darroll Powe in Jets zone.
5:14 of 3rd period - Wrist shot by Jarkko Ruutu.
5:14 of 3rd period - Stopped by Ilya Bryzgalov with a rebound.
5:16 of 3rd period - Slapshot by Kristopher Letang.
5:16 of 3rd period - Shot Misses the Net.
5:18 of 3rd period - Slapshot by Drew Fata.
5:18 of 3rd period - Deflect By Michael Frolik.
5:18 of 3rd period - Shot Misses the Net.
5:18 of 3rd period - Puck is out of play.
5:19 of 3rd period - Travis Zajac wins face-off versus Jason Allison in Jets zone.
7:04 of 3rd period - Derek Roy is hit by Jarome Iginla and loses puck.
7:29 of 3rd period - Wrist shot by Fredrik Sjostrom.
7:29 of 3rd period - Deflect By Jarkko Ruutu.
7:29 of 3rd period - Stopped by Tuukka Rask with a rebound.
7:31 of 3rd period - Backhand shot by Dmitri Kalinin.
7:31 of 3rd period - Shot Blocked by Dan Boyle.
7:33 of 3rd period - Slapshot by Greg Campbell.
7:33 of 3rd period - Stopped by Tuukka Rask with a rebound.
7:35 of 3rd period - Slapshot by Mike Commodore.
7:35 of 3rd period - Shot Misses the Net.
7:37 of 3rd period - Snap shot by Miroslav Satan.
7:37 of 3rd period - Shot Blocked by Dan Boyle.
7:39 of 3rd period - Wrist shot by Fredrik Sjostrom.
7:39 of 3rd period - Stopped by Tuukka Rask without a rebound.
7:40 of 3rd period - Jason Allison wins face-off versus Travis Zajac in Blues zone.
7:49 of 3rd period - Wrist shot by Daniel Alfredsson.
7:49 of 3rd period - Stopped by Tuukka Rask with a rebound.
8:07 of 3rd period - Kristopher Letang is hit by Derek Roy.
8:18 of 3rd period - Minor Penalty to Eric Brewer for Roughing.
8:19 of 3rd period - Nik Antropov wins face-off versus Jason Allison in Jets zone.
8:35 of 3rd period - Jason Allison is hit by Kristopher Letang.
9:43 of 3rd period - Jarome Iginla is hit by Adam Burish and loses puck.
10:06 of 3rd period - Jamie Langenbrunner is hit by Mike Commodore.
10:18 of 3rd period - Penalty to Eric Brewer is over, Eric Brewer is back on ice.
10:34 of 3rd period - Snap shot by Jussi Jokinen.
10:34 of 3rd period - Stopped by Tuukka Rask without a rebound.
10:35 of 3rd period - Darroll Powe wins face-off versus Andrew Cogliano in Blues zone.
11:06 of 3rd period - Snap shot by Derek Roy.
11:06 of 3rd period - Stopped by Tuukka Rask with a rebound.
11:12 of 3rd period - Jarkko Ruutu is hit by Michal Rozsival and loses puck.
11:42 of 3rd period - Jarome Iginla is hit by Benoit Pouliot and loses puck.
11:47 of 3rd period - Wrist shot by Jason Allison.
11:47 of 3rd period - Stopped by Tuukka Rask without a rebound.
11:48 of 3rd period - Jason Allison wins face-off versus Travis Zajac in Blues zone.
11:49 of 3rd period - Wrist shot by Daniel Alfredsson.
11:49 of 3rd period - Stopped by Tuukka Rask with a rebound.
12:35 of 3rd period - Wrist shot by Jamie Langenbrunner.
12:35 of 3rd period - Stopped by Ilya Bryzgalov with a rebound.
12:37 of 3rd period - Snap shot by Bryce Lampman.
12:37 of 3rd period - Shot Misses the Net.
13:03 of 3rd period - Slapshot by Dan Boyle.
13:03 of 3rd period - Deflect By Travis Zajac.
13:03 of 3rd period - Shot Misses the Net.
13:03 of 3rd period - Puck is out of play.
13:04 of 3rd period - Derek Roy wins face-off versus Nik Antropov in Jets zone.
13:37 of 3rd period - Michael Frolik is hit by Darroll Powe and loses puck.
13:49 of 3rd period - Michal Rozsival is hit by Brian Lee and loses puck.
13:52 of 3rd period - Minor Penalty to Andy Sutton for Hooking.
13:53 of 3rd period - Matthew Lombardi wins face-off versus Adam Burish in Blues zone.
14:23 of 3rd period - Slapshot by Paul Kariya.
14:23 of 3rd period - Stopped by Ilya Bryzgalov with a rebound.
15:08 of 3rd period - Off-side.
15:09 of 3rd period - David Perron wins face-off versus Derek Roy in neutral zone.
15:52 of 3rd period - Penalty to Andy Sutton is over, Andy Sutton is back on ice.
16:57 of 3rd period - Bryce Lampman is hit by Benoit Pouliot.
17:17 of 3rd period - Bryce Lampman is hit by Mike Commodore and loses puck.
17:30 of 3rd period - Jarkko Ruutu is hit by Greg Campbell.
17:38 of 3rd period - Dan Boyle is hit by Miroslav Satan.
17:59 of 3rd period - Icing by Adam Burish.
18:00 of 3rd period - Derek Roy wins face-off versus Nik Antropov in Jets zone.
18:36 of 3rd period - Eric Brewer is hit by Andy Sutton.
18:38 of 3rd period - Snap shot by Kristian Huselius.
18:38 of 3rd period - Shot Blocked by Michael Frolik.
18:40 of 3rd period - Snap shot by Darroll Powe.
18:40 of 3rd period - Goal by Darroll Powe - Jets : 3 - Blues : 2.
18:41 of 3rd period - Matthew Lombardi wins face-off versus Jason Allison in neutral zone.
19:15 of 3rd period - Snap shot by Adam Burish.
19:15 of 3rd period - Shot Misses the Net.
19:26 of 3rd period - Blues, Tuukka Rask is pulled from the net.
19:30 of 3rd period - Snap shot by Travis Zajac.
19:30 of 3rd period - Stopped by Ilya Bryzgalov with a rebound.
19:34 of 3rd period - Wrist shot by Jarome Iginla.
19:34 of 3rd period - Shot Misses the Net.
19:36 of 3rd period - Snap shot by Paul Kariya.
19:36 of 3rd period - Goal by Paul Kariya - Jets : 3 - Blues : 3.
19:36 of 3rd period - Tuukka Rask from Blues was sent back in the game.
19:37 of 3rd period - Jason Allison wins face-off versus Jarkko Ruutu in neutral zone.
Goals for this period are 1 for Jets vs 1 for Blues.
Shots for this period are 11 for Jets vs 19 for Blues.
Overtime #1
0:01 of 1st overtime period - Jason Allison wins face-off versus Travis Zajac in neutral zone.
0:04 of 1st overtime period - Paul Kariya is hit by Eric Brewer and loses puck.
0:42 of 1st overtime period - Wrist shot by David Perron.
0:42 of 1st overtime period - Stopped by Ilya Bryzgalov with a rebound.
1:21 of 1st overtime period - Travis Zajac is hit by Dmitri Kalinin and loses puck.
2:14 of 1st overtime period - Andy Sutton is hit by Eric Brewer and loses puck.
2:27 of 1st overtime period - Eric Brewer is hit by David Perron and loses puck.
3:16 of 1st overtime period - Icing by Darroll Powe.
3:17 of 1st overtime period - Jason Allison wins face-off versus David Perron in Jets zone.
3:50 of 1st overtime period - Daniel Alfredsson is hit by Brian Lee.
4:03 of 1st overtime period - Dmitri Kalinin is hit by Brian Lee.
4:40 of 1st overtime period - Michael Frolik is hit by Michal Rozsival and loses puck.
4:53 of 1st overtime period - Wrist shot by Fredrik Sjostrom.
4:53 of 1st overtime period - Stopped by Tuukka Rask with a rebound.
4:55 of 1st overtime period - Slapshot by Mike Commodore.
4:55 of 1st overtime period - Shot Misses the Net.
Goals for this period are 0 for Jets vs 0 for Blues.
Shots for this period are 1 for Jets vs 1 for Blues.
ShootOut
5:00 of 1st overtime period - Penalty Shot by Adam Burish for Jets.
5:00 of 1st overtime period - Wrist shot by Adam Burish.
5:00 of 1st overtime period - Goal by Adam Burish.
5:00 of 1st overtime period - Penalty Shot by David Perron for Blues.
5:00 of 1st overtime period - Snap shot by David Perron.
5:00 of 1st overtime period - Goal by David Perron.
5:00 of 1st overtime period - Penalty Shot by Tuomo Ruutu for Jets.
5:00 of 1st overtime period - Snap shot by Tuomo Ruutu.
5:00 of 1st overtime period - Stopped by Tuukka Rask.
5:00 of 1st overtime period - Penalty Shot by Nik Antropov for Blues.
5:00 of 1st overtime period - Deke by Nik Antropov.
5:00 of 1st overtime period - Goal by Nik Antropov.
5:00 of 1st overtime period - Penalty Shot by Daniel Alfredsson for Jets.
5:00 of 1st overtime period - Backhand shot by Daniel Alfredsson.
5:00 of 1st overtime period - Stopped by Tuukka Rask.
Output by the SimonT Hockey Simulator (STHS) for François Prévost -- Original Page W3C XHTML 1.0 Valid